Map: Blackpink EC

Players

Watajok - Winner!

  • Race: Terran Terran
  • League: Platinum
  • Spawn Location: 7:00

YodaSpliff

  • Race: Zerg Zerg
  • League: Diamond
  • Spawn Location: 1:00

VOD

Have the link to the VOD?

Description

strong terran early push

Time

  • Played on: April 14, 2018, 7:34 p.m.
  • Length: 7:20
Show
View Real Time Build Order
Export as new Build Order

Watajok Terran - Winner!

Build Orders:  

Get SALT Encoding   

  12  0:01  SCV  
  13  0:13  SCV  
  14  0:17  Supply Depot  
  14  0:25  SCV  
  15  0:39  SCV  
  15  0:41  Barracks  
  16  0:45  Refinery  
  16  0:51  SCV  
  17  0:57  Supply Depot  
  17  1:05  SCV  
  18  1:17  SCV  
  19  1:28  Marine  
  19  1:29  Orbital Command  
  20  1:37  Barracks  
  20  1:46  Marine  
  21  1:57  SCV  
  21  1:58  Refinery  
  22  2:11  Barracks Tech Lab  
  22  2:12  Factory  
  22  2:19  SCV  
  23  2:26  Barracks Reactor, Supply Depot  
  23  2:30  Marine  
  23  2:31  SCV  
  25  2:44  SCV  
  26  2:56  SCV  
  27  3:05  Siege Tank  
  30  3:07  Barracks Reactor  
  30  3:12  Marine  
  30  3:13  Factory, SCV, Marine  
  33  3:33  Supply Depot  
  33  3:42  Siege Tank  
  33  3:44  Marine x2  
  33  3:45  Marine  
  39  3:49  Supply Depot  
  39  3:54  Marine  
  40  4:16  Command Center  
  40  4:26  Cyclone  
  40  4:28  Marine x2  
  40  4:30  SCV  
  46  4:37  Armory  
  46  4:47  Barracks Reactor  
  46  4:49  Hellion x2  
  50  4:54  Infernal Pre-Igniter  
  50  5:04  Marine x2  
  52  5:12  Hellion  
  54  5:19  Supply Depot  
  54  5:28  Hellion  
  56  5:32  Orbital Command  
  56  5:34  SCV  
  57  5:39  Marine  
  57  5:40  Supply Depot, Marine x2  
  57  5:41  Marine  
  61  5:46  SCV  
  61  6:00  Marine x4  
  61  6:03  Cyclone  
  68  6:07  SCV x2  
  70  6:14  Cyclone  
  73  6:41  Hellion x2  
  73  6:43  Marine x3  
  80  6:48  SCV  
  80  6:49  Supply Depot  
Show
View Real Time Build Order
Export as new Build Order

YodaSpliff Zerg 

Build Orders: Pool First, Muta Ling Bane 

Get SALT Encoding   

  12  0:02  Drone  
  13  0:12  Overlord  
  13  0:17  Drone  
  14  0:31  Drone x2  
  14  0:34  Drone  
  17  0:52  Drone, Spawning Pool  
  17  0:56  Drone  
  18  1:14  Hatchery  
  17  1:20  Drone x2  
  17  1:24  Extractor  
  18  1:30  Overlord  
  18  1:39  Queen  
  18  1:42  Zergling x2  
  21  1:51  Drone  
  22  2:07  Drone  
  23  2:15  Queen  
  23  2:22  Overlord  
  25  2:23  Metabolic Boost  
  25  2:28  Queen  
  27  2:31  Drone  
  27  2:32  Drone  
  29  2:48  Drone x5  
  29  2:51  Overlord  
  34  2:52  Drone  
  35  3:03  Lair  
  35  3:20  Drone x2  
  35  3:21  Drone  
  35  3:22  Hatchery  
  35  3:23  Drone  
  38  3:37  Drone  
  38  3:38  Drone x5  
  43  3:52  Extractor  
  42  3:55  Extractor  
  42  3:57  Baneling Nest  
  42  3:59  Drone x5  
  45  4:11  Extractor  
  45  4:12  Drone x2  
  46  4:25  Drone  
  46  4:26  Drone x3  
  50  4:55  Zergling x2  
  50  4:56  Zergling x14  
  50  4:57  Overlord  
  58  5:05  Spire  
  58  5:07  Centrifical Hooks  
  57  5:09  Evolution Chamber  
  57  5:12  Evolution Chamber  
  55  5:27  Queen  
  57  5:30  Drone x9  
  66  5:40  Overlord x2  
  66  6:14  Overlord x2  
  66  6:16  Mutalisk  
  66  6:17  Mutalisk x5  
  72  6:30  Zergling x2  
  72  6:31  Zergling x6  
  71  6:44  Zergling x2  
  71  6:45  Zergling x12  
  77  6:51  Baneling x8  
Tags
 
Composition
Muta Ling Bane
Matchup
TvZ
Opening
Pool First
Spawn Locations
Cross Positions
Add a new tag
Caveats
  • Supply blocks, unpowered buildings, or Contaminate may cause inaccurate times.
  • Supply counts are checked every 10 seconds.